Cogmind - Beta 13 @@@ ROGUE MODE // 2024.06.13 @ 19:32:41 Player: wojo Result: Self-destructed Performance ------------- Evolutions (1) 500 Regions Visited (3) 600 Robots Destroyed (28) 140 Value Destroyed (513) 513 Prototype IDs (2) 40 Alien Tech Used (0) 0 Bonus (60) 60 TOTAL SCORE: 1853 Bonus ------- Follower Combat Kills 60 Cogmind --------- Core Integrity 81/400 Matter 445/450 Energy 85/100 System Corruption 0% Temperature Cool (98) Movement Flying (40) Location -9/Materials Parts ------- > --- POWER (1) -------- (None) > --- PROPULSION (3) --- Flight Unit > --- UTILITY (3) ------ Compact Matter Pod Hacking Suite > --- WEAPON (2) ------- (None) > --- INVENTORY (5) ---- Light Ion Engine Compact Matter Pod (150) Peak State ------------ > --- POWER ------------ Light Angular Momentum Engine > --- PROPULSION ------- Flight Unit Flight Unit > --- UTILITY ---------- Heat Sink Compact Matter Pod Hacking Suite > --- WEAPON ----------- Particle Gun Light EM Pulse Cannon > --- INVENTORY -------- Light Ion Engine Compact Matter Pod Beam Cannon [Rating: 18] Favorites ----------- Power Ion Engine Engine Ion Engine Propulsion Light Treads Treads Light Treads Flight Unit Flight Unit Utility Small Storage Unit Device Improved Terrain Scanner Storage Small Storage Unit Processor Targeting Computer Hackware Hacking Suite Weapon Light Assault Rifle Energy Gun Particle Gun Energy Cannon Beam Cannon Ballistic Gun Light Assault Rifle Launcher Grenade Launcher Impact Weapon Flail Build | -11 -10 -10 -9 ------- Run | Yrd Mat Min Mat Slots Evolved 2 | . . . 2 Power . | . . . . Propulsion 1 | . . . 1 Utility 1 | . . . 1 Weapon . | . . . . Parts Attached 38 | 7 7 10 14 Power 5 | 1 . 1 3 Engine 5 | 1 . 1 3 Core . | . . . . Reactor . | . . . . Propulsion 9 | 2 1 2 4 Treads 3 | 2 1 . . Leg . | . . . . Wheel . | . . . . Hover . | . . . . Flight 6 | . . 2 4 Utility 8 | 2 3 1 2 Device 2 | 1 . . 1 Storage 4 | 1 2 1 . Processor 1 | . . . 1 Hackware 1 | . 1 . . Protection . | . . . . Artifact . | . . . . Weapon 16 | 2 3 6 5 Energy Gun 2 | . . 1 1 Energy Cannon 7 | . 2 2 3 Ballistic Gun 4 | 2 1 1 . Ballistic Cannon . | . . . . Launcher 2 | . . 2 . Special Weapon . | . . . . Impact Weapon 1 | . . . 1 Slashing Weapon . | . . . . Piercing Weapon . | . . . . Special Melee Weapon . | . . . . Unidentified Prototypes . | . . . . Parts Lost 18 | . . 6 12 Power 2 | . . . 2 Propulsion 7 | . . 2 5 Utility 2 | . . . 2 Weapon 7 | . . 4 3 Highest Loss Streak 8 | . . 6 8 To Critical Strikes . | . . . . Average Slot Usage (%) 95 | . 100 84 86 Engine 13 | . 14 14 10 Treads 21 | . 28 9 . Flight 6 | . . 17 25 Device 5 | . 6 . 5 Storage 12 | . 14 9 11 Hackware 9 | . 7 14 11 Energy Gun 2 | . . 8 11 Energy Cannon 7 | . 7 5 10 Ballistic Gun 14 | . 20 4 . Naked Turns . | . . . . Heaviest Build 18 | 13 15 14 18 Greatest Support 40 | 40 40 40 12 Greatest Overweight (x) 4 | . . 4 4 Average Overweight (x) . | . . . . Largest Inventory Capacity 25 | 8 25 8 5 Average Capacity 7 | 7 8 6 5 Most Carried 8 | 2 8 8 5 Average Carried 5 | 1 6 5 3 Final Capacity 8 | 8 8 5 5 Final Carried 8 | 2 8 5 2 Class Distribution -------------------- 95% | Mutant 4% | Scavenger-Mutant Dominant Class ---------------- Mutant | -10/Materials Mutant | -10/Mines Scavenger-Mutant | -9/Materials Resources | -11 -10 -10 -9 ----------- Run | Yrd Mat Min Mat Matter Collected 804 | 292 128 227 157 Remotely . | . . . . Salvage Created 690 | 124 335 25 206 Parts 54 | 6 30 6 12 Haulers Intercepted 2 | . 2 . . Recyclers Shooed . | . . . . Parts Field Recycled . | . . . . Retrieved Matter . | . . . . Parts Self-Destructed . | . . . . Prevented . | . . . . Kills | -11 -10 -10 -9 ------- Run | Yrd Mat Min Mat Combat Hostiles Destroyed 19 | . 10 3 6 Melee 1 | . 1 . . Guns 11 | . 7 1 3 Cannons 5 | . 2 . 3 AOE 2 | . . 2 . Classes Destroyed 8 | 2 5 . 1 Builder 2 | . 1 1 . Tunneler 3 | 3 . . . Hauler 2 | . 2 . . Recycler 1 | 1 . . . Operator 1 | . 1 . . Swarmer 11 | . 6 3 2 Grunt 7 | . 4 . 3 Sentry 1 | . . . 1 Best Kill Streak 3 | 2 3 3 3 Combat Bots Only 3 | . 3 3 3 Max Kills in Single Turn 2 | 1 1 2 1 Gunslinging . | . . . . Exploded 2 | . . 2 . Melee 1 | . 1 . . Uniques/NPCs Destroyed . | . . . . Combat | -11 -10 -10 -9 -------- Run | Yrd Mat Min Mat Hostile Shots Fired 202 | . 74 23 105 Missed 62 | . 21 6 35 Damage Taken 1751 | . 535 502 714 Core 538 | . 90 129 319 Absorbed by Shields . | . . . . Core Remaining (%) 56 | 100 . 12 . Volleys Fired 102 | 11 47 11 33 Largest 2 | 2 2 2 2 Hottest 125 | 40 80 90 125 Shots Fired 186 | 22 94 16 54 Gun 142 | 22 80 7 33 Cannon 40 | . 14 5 21 Launcher 4 | . . 4 . Special . | . . . . Kinetic 106 | 22 80 4 . Thermal 70 | . 14 8 48 Explosive 4 | . . 4 . Electromagnetic 6 | . . . 6 Robot Hit Streak 13 | 6 10 9 13 Robot Miss Streak 5 | 2 3 3 5 Penetration Max . | . . . . Secondary Targets . | . . . . Shots Hit Robots 118 | 15 60 10 33 Core Hits 53 | 8 31 6 8 Critical Kills . | . . . . Critical Parts Destroyed . | . . . . Critical Strikes 1 | . . . 1 Corrupt 1 | . . . 1 Melee Attacks . | . . . . Impact . | . . . . Slashing . | . . . . Piercing . | . . . . Sneak Attacks . | . . . . Combat Hostiles . | . . . . Follow-up Attacks . | . . . . Damage Inflicted 1655 | 132 642 331 550 Guns 941 | 132 457 17 335 Cannons 425 | . 122 88 215 Explosions 224 | . . 224 . Melee . | . . . . Ramming 65 | . 63 2 . Kinetic 606 | 132 457 17 . Thermal 684 | . 122 88 474 Explosive 224 | . . 224 . Electromagnetic 76 | . . . 76 Impact . | . . . . Slashing . | . . . . Piercing . | . . . . Highest Corruption . | . . . . Average Corruption . | . . . . Corruption Purged . | . . . . Corruption Blocked . | . . . . Overload Shots . | . . . . Overflow Damage 32 | . 8 24 . Projectiles 8 | . 8 . . Explosions 24 | . . 24 . Melee . | . . . . Knockbacks . | . . . . Impact . | . . . . Kinetic . | . . . . Secondary . | . . . . Self-Inflicted Damage 28 | . . 28 . Shots 1 | . . 1 . Rammed 22 | . 20 2 . Targets Rammed 24 | . 22 2 . Kicked . | . . . . Crushed 2 | . 2 . . Highest Temperature 592 | . 204 110 592 Average Temperature 112 | . 70 37 157 Received Heat Transfer 399 | . 186 6 207 Effects 9 | . . . 9 Shutdowns 3 | . . . 3 Energy Bleed 3 | . . . 3 Interference 2 | . . . 2 Matter Decay 1 | . . . 1 Siege Activations . | . . . . Robots Corrupted . | . . . . Combat Hostiles . | . . . . Parts Fried . | . . . . Impact Corruptions . | . . . . Robots Melted . | . . . . Combat Hostiles . | . . . . Parts Melted 2 | . . . 2 Heat Transferred 1554 | . 259 185 1110 Parts Sabotaged . | . . . . Parts Stolen . | . . . . Parts Stripped . | . . . . Power Chain Reactions . | . . . . Alert | -11 -10 -10 -9 ------- Run | Yrd Mat Min Mat Peak Influence 168 | 20 153 168 126 Initial 33 | . 13 33 20 Average 68 | 8 55 124 72 Maximum Alert Level . | . . . . Low Security (%) 100 | 100 100 100 100 Level 1 . | . . . . Level 2 . | . . . . Level 3 . | . . . . Level 4 . | . . . . Level 5 . | . . . . High Security . | . . . . Max Security . | . . . . Squads Dispatched 3 | . 2 . 1 Investigation 2 | . 1 . 1 Extermination . | . . . . Reinforcement 1 | . 1 . . Assault . | . . . . Garrison . | . . . . Intercept . | . . . . Searches Triggered . | . . . . Construction Impeded . | . . . . Haulers Reinforced . | . . . . Active Scanning Responses . | . . . . Cargo Convoy Interrupts . | . . . . Stealth | -11 -10 -10 -9 --------- Run | Yrd Mat Min Mat Distress Signals . | . . . . Communications Jammed . | . . . . Distress Signals . | . . . . Times Spotted 46 | . 29 8 9 Peak Tracking Total 5 | . 3 3 5 Tactical Retreats 1 | . . 1 . Traps | -11 -10 -10 -9 ------- Run | Yrd Mat Min Mat Traps Triggered . | . . . . Indirectly . | . . . . Trap Hack Attempts . | . . . . Triggered . | . . . . Disarmed . | . . . . Reprogrammed . | . . . . Reused . | . . . . Traps Extracted . | . . . . Installed . | . . . . Triggered . | . . . . Machines | -11 -10 -10 -9 ---------- Run | Yrd Mat Min Mat Machines Disabled 5 | . . 4 1 Max in Single Turn 3 | . . 3 1 Machines Repaired . | . . . . Machines Dismantled . | . . . . Machines Sabotaged . | . . . . Overloaded Fab Kills . | . . . . Hacking | -11 -10 -10 -9 --------- Run | Yrd Mat Min Mat Machines Accessed 8 | . 7 . 1 Terminals 5 | . 5 . . Fabricators . | . . . . Repair Stations 1 | . . . 1 Recycling Units 2 | . 2 . . Scanalyzers . | . . . . Garrison Access . | . . . . Total Hacks 20 | . 17 . 3 Successful 11 | . 11 . . Failed 9 | . 6 . 3 Catastrophic 2 | . 2 . . Database Lockouts . | . . . . Manual . | . . . . Terminals 13 | . 13 . . Fabricators . | . . . . Repair Stations 3 | . . . 3 Recycling Units 4 | . 4 . . Scanalyzers . | . . . . Garrison Access . | . . . . Terminal Hacks 7 | . 7 . . Robot Analysis 1 | . 1 . . Prototype ID Bank 1 | . 1 . . Locate Traps 2 | . 2 . . Dispatch Records 1 | . 1 . . Transport Status 1 | . 1 . . Zone Layout 1 | . 1 . . Fabricator Hacks . | . . . . Repair Station Hacks . | . . . . Recycling Unit Hacks 4 | . 4 . . Process 1 | . 1 . . Report Inventory 2 | . 2 . . Retrieve Components 1 | . 1 . . Scanalyzer . | . . . . Garrison Access Hacks . | . . . . Unauthorized Hacks . | . . . . Terminals . | . . . . Fabricators . | . . . . Repair Stations . | . . . . Recycling Units . | . . . . Scanalyzers . | . . . . Garrison Access . | . . . . Data Cores Recovered . | . . . . Used . | . . . . Hacking Detections 6 | . 5 . 1 Full Trace Events 2 | . 1 . 1 Feedback Events . | . . . . Feedback Blocked . | . . . . Robot Schematics Acquired . | . . . . Robots Built . | . . . . Authchips . | . . . . Time . | . . . . Total Robot Build Rating . | . . . . Part Schematics Acquired . | . . . . Parts Built . | . . . . Authchips . | . . . . Time . | . . . . Total Part Build Rating . | . . . . Parts Repaired . | . . . . Time . | . . . . Parts Recycled . | . . . . Recycled Matter 235 | . 235 . . Retrieved Matter . | . . . . Retrieved Components 2 | . 2 . . Parts Scanalyzed . | . . . . Part Schematics Acquired . | . . . . Parts Damaged . | . . . . Bothacking | -11 -10 -10 -9 ------------ Run | Yrd Mat Min Mat Used RIF Installer . | . . . . Robots Hacked . | . . . . Non-combat . | . . . . Combat . | . . . . Robot Hacks Applied . | . . . . Relay Couplers Released . | . . . . Fabnet Peak Effective % . | . . . . Robots Rewired . | . . . . Allies Hacked . | . . . . Hacks Repelled . | . . . . Allies | -11 -10 -10 -9 -------- Run | Yrd Mat Min Mat Total Allies 1 | . . 1 . Largest Group 1 | . . 1 1 Highest-Rated Group 31 | . . 31 31 Highest-Rated Ally 31 | . . 31 31 Total Orders . | . . . . Ally Attacks 21 | . . 13 8 Total Damage 270 | . . 207 63 Kills 2 | . . 2 . Allies Corrupted . | . . . . Allies Melted . | . . . . Intel | -11 -10 -10 -9 ------- Run | Yrd Mat Min Mat Robot Analysis Total 1 | . 1 . . Derelict Logs Recovered 1 | . . 1 . Drone Launches . | . . . . Drone Recoveries . | . . . . Exploration | -11 -10 -10 -9 ------------- Run | Yrd Mat Min Mat Turns Passed 2398 | 133 1542 491 232 Spaces Moved 1723 | 60 774 694 195 Core 8 | 3 . 3 2 Treads 922 | 57 774 91 . Legs . | . . . . Wheels . | . . . . Hover . | . . . . Flight 793 | . . 600 193 Fastest Speed 32 | 50 160 37 32 Average Speed 105 | 154 160 54 60 Slowest Speed 360 | 160 160 250 360 Overloaded Moves . | . . . . Propulsion Burnouts . | . . . . Robots Hopped 16 | . . 12 4 Cave-ins Triggered . | . . . . Exploration Rate (%) 49 | 4 94 92 8 Regions Visited 3 Branch Regions 1 Pre-discovered Areas . | . . . . Known Exits Taken . | . . . . Unknown Exits Taken 3 | 1 1 1 . Scrap Searched 1 | . . 1 . Spaces Dug . | . . . . Terrain Destroyed 7 | . . 7 . Melee . | . . . . Projectile . | . . . . AOE 7 | . . 7 . Terrain Rammed . | . . . . Walls Destroyed . | . . . . Machines Disabled . | . . . . Actions | -11 -10 -10 -9 --------- Run | Yrd Mat Min Mat Total 2094 | 80 987 779 248 Wait 198 | . 121 72 5 Move 1692 | 59 773 670 190 Hop 12 | . . 11 1 Pick Up 17 | 3 10 1 3 Fast Attach 14 | 6 1 2 5 Attach 12 | 1 . 5 6 Detach 2 | . 1 1 . Swap 12 | . 6 3 3 Drop 9 | . 6 1 2 Fire 102 | 11 47 11 33 Melee . | . . . . Ram . | . . . . Kick . | . . . . Crush 24 | . 22 2 . Escape Stasis . | . . . . Rewire . | . . . . Trap . | . . . . Miscellaneous . | . . . . Route ------- -11/Scrapyard -10/Materials (discovered 5 exits: *Mat x3 / [*Min x2]) -10/Mines (discovered 2 exits: *Mat x2) -9/Materials (discovered 1 exit: [*Min]) History --------- Turn | Location | Event 10 | -11/Scrapyard | Discovered new exit (range 15) 134 | -11/Scrapyard | Entered Materials 306 | -10/Materials | Build established: Mutant 602 | -10/Materials | Discovered new exit (range 15) 788 | -10/Materials | Discovered new exit (range 14) 1232 | -10/Materials | Discovered new exit (range 14) 1349 | -10/Materials | Discovered new exit (range 11) 1553 | -10/Materials | Discovered new exit (range 15) 1676 | -10/Materials | Entered Mines 1684 | -10/Mines | Core integrity fell below 50% 1851 | -10/Mines | Core integrity fell below 20% 1875 | -10/Mines | Lost 6 parts (2n4w) 1906 | -10/Mines | Escorted by a lone wolf Derelict 2023 | -10/Mines | Discovered new exit (range 8) 2126 | -10/Mines | Discovered new exit (range 3) 2167 | -10/Mines | Entered Materials 2167 | -9/Materials | Accompanied by 1 ally 2167 | -9/Materials | Evolved 2 slots: Propulsion x1, Utility x1 2301 | -9/Materials | Discovered new exit (range 4) 2375 | -9/Materials | Core integrity fell below 50% 2399 | -9/Materials | Self-destructed Last Messages --------------- 02351_ Y-45 Defender destroyed. 02355_ Acquired 10 matter. [Achievement: Cya!] 02355_ Flight Unit destroyed. 02360_ Flight Unit melted. 02360_ S-10 Pest destroyed. 02360_ Emergency Access malfunctions. 02362_ Flight Unit destroyed. 02370_ K-01 Serf collects debris. 02370_ Lgt. EM Pulse Cannon destroyed. 02374_ K-01 Serf collects debris. 02377_ Beam Cannon destroyed. 02378_ K-01 Serf collects debris. 02380_ S-10 Pest destroyed. 02380_ Lgt. Angular Momentum Engine destroyed. 02381_ Heat Sink destroyed. 02382_ K-01 Serf collects debris. 02384_ Acquired Flight Unit. 02397_ S-10 Pest destroyed. 02399_ Particle Gun destroyed. Map ----- +----------------------------------------------------+ | ?????????????????????????????????????? | | ?????????????????????????????????????? | | ?????????????????????????????????????? | | ?????????????????????????????????????? | | ?????????????????????????????????????? | | ?????????????????????????????????????? | | ?????????????????????????????????????? | | ?????????????????????????????????????? | | ???????????????????? ???????????????? | | ???????????????????? ???????????????? | | ???????????????????? ???????????????? | | ???????????????????? ???????????????? | | ???????????????????? ???????????????? | | ???????????????????? ???????????????? | | ???????????????????? ???????????????? | | ???????????????????? #??????????????? | | ??????????????????### ###????????????? | | ??????????????????# ????????????? | | ??????????????????? ?????????????? | | ??????????????????? < ?????????????? | | ???######??????????? ??????????????? | | ???? ! #??????????? ??????????????? | | ???? #?????#######+###????????????? | | ????? " #?????# #????????????? | | ?????R" ######* ![/ #????????????? | | ??????" ## @s%%* [[/ #????????????? | | ?????? ## ####m|Y[ [ #????????????? | | ???#+##+## #??##/########????????????? | | ???# #???#%#???????????????????? | | ???# ####???#!#???????????????????? | | ???# #?######/####????????????????? | | ???# #?# =%[ #????????????????? | | ???# #?# ! #????????????????? | | ???# ### % #????????????????? | | ???# # % " #????????????????? | | ???# / "" #????????????????? | | ???# # "" !#????????????????? | | ???# # #????????????????? | | ####+## # #????????????????? | | # # ###########????????????????? | | # # #??????????????????????????? | | # """ # #??????????????????????????? | | # """ # #??????????????????????????? | | # """ # #??????????????????????????? | | # + #??????????????????????????? | | # # #??????????????????????????? | | # """ # #??????????????????????????? | | # "R # #??????????????????????????? | | # """ #####??????????????????????????? | | # """ #??????????????????????????????? | +----------------------------------------------------+ Best States ------------- Heat Dissipation 38 Energy Generation 18 Energy Capacity 250 Matter Stores 450 Matter Capacity 450 Sight Range 16 Terrain Scan Range 16 Terrain Scan Density 10 Evasion (%) 63 Targeting Accuracy 5 Recoil Reduction 2 Offensive Hacking 10 Item Schematics ----------------- None Robot Schematics ------------------ None Fabricated ------------ Nothing Alien Tech Used ----------------- None Achievements -------------- Cya! Challenges ------------ None Game ------ Seed GammaHackingField Manual? 0 Play Time 00:24:58 Cumulative 28.8 hours Start 2024.06.13 @ 19:08:14 End 2024.06.13 @ 19:32:41 Sessions 1 Manual Loads 0 Difficulty Rogue Special Mode None Game No. 48 Rogue 48 Adventurer 0 Explorer 0 Win Type - Total 0 Types 0/0/0/0/0/0/0/0/0 Lore% 22 Gallery% 27 Achievement% 19 Wizard Run 0 Options --------- Layout 1 ASCII 0 Keyboard 0 Movement Arrows Keybinds 0 Fullscreen 1 Font 16/SmallcapsGlow Map View 50x40 Zoom Use 0% Tactical HUD 1 Map Filters NONE Filters NONE Steam SD RUN: 99b531a5-2bc2-464b-ab61-a8a608e05f42